 Dungeon Crawl Stone Soup version 0.28.0-62-gf88900778d (webtiles) character file.

Game seed: 11142641245517543146

20701 cbfl8 the Cleaver (level 12, -3/107 HPs)
             Began as a Minotaur Berserker on June 6, 2023.
             Was an Elder of Trog.
             Slain by a 14-headed hydra (6 damage)
             ... on level 13 of the Dungeon.
             The game lasted 00:20:13 (17576 turns).

cbfl8 the Cleaver (Minotaur Berserker)             Turns: 17576, Time: 00:20:14

Health: -3/107     AC: 17    Str: 28    XL:     12   Next: 47%
Magic:  11/11      EV: 13    Int:  4    God:    Trog [****..]
Gold:   775        SH: 10    Dex: 21    Spells: 11/11 levels left

rFire   + . .      SeeInvis .   z - +5 hand axe of Interdependent Arising {venom, rF+}
rCold   . . .      Faith    .   s - +0 buckler
rNeg    + . .      Spirit   .   t - +0 chain mail
rPois   .          Reflect  +   v - +2 hat
rElec   .          Harm     .   N - scarf {+Inv}
rCorr   .          Rampage  .   i - +0 pair of gloves
Will    .....                   a - +0 pair of boots
Stlth   ..........              C - amulet of reflection
HPRegen 0.27/turn               m - +6 ring of dexterity
MPRegen 0.12/turn               J - ring "Zyimam" {rN+ Str+6}

@: about to teleport, marked, on berserk cooldown, slowed, very slow
A: horns 2, retaliatory headbutt
a: Renounce Religion, Evoke Invisibility, Berserk, Trog's Hand, Brothers in Arms


You were on level 13 of the Dungeon.
You worshipped Trog.
Trog was greatly pleased with you.
You visited 1 branch of the dungeon, and saw 13 of its levels.
You also visited: Gauntlet.

You collected 775 gold pieces.

Inventory:

Hand Weapons
 z - the +5 hand axe of Interdependent Arising (weapon) {venom, rF+}
   (You found it on level 7 of the Dungeon)

   It poisons the flesh of those it strikes.
   rF:        It protects you from fire.
 I - a +6 war axe
Armour
 a - a +0 pair of boots (worn)
 i - a +0 pair of gloves (worn)
 s - a +0 buckler (worn)
 t - a +0 chain mail (worn)
 v - a +2 hat (worn)
 N - a scarf of invisibility (worn)
Jewellery
 m - a +6 ring of dexterity (left hand)
 C - an amulet of reflection (around neck)
 J - the ring "Zyimam" (right hand) {rN+ Str+6}
   (You found it in a Gauntlet)

   [ring of strength]

   Str:       It affects your strength (+6).
   rN:        It protects you from negative energy.
Wands
 b - a wand of flame (16)
 y - a wand of digging (4)
 F - a wand of iceblast (14)
 H - a wand of mindburst (6) (quivered)
Scrolls
 c - 2 scrolls of amnesia {unknown}
 h - 3 scrolls of enchant weapon
 j - 3 scrolls of magic mapping
 k - 6 scrolls of teleportation
 n - 2 scrolls of fog {unknown}
 o - 2 scrolls of immolation
 q - 2 scrolls of noise
 x - 2 scrolls of enchant armour {unknown}
 B - a scroll of fear
 D - 2 scrolls of brand weapon {unknown}
 E - a scroll of holy word {unknown}
 G - 2 scrolls of acquirement {unknown}
Potions
 e - 3 potions of haste {unknown}
 f - a potion of mutation {unknown}
 g - a potion of flight {unknown}
 l - a potion of magic {unknown}
 p - 3 potions of might {unknown}
 r - a potion of curing
 u - a potion of heal wounds {unknown}
 w - a potion of invisibility {unknown}
 A - 2 potions of attraction {unknown}


   Skills:
 + Level 10.5 Fighting
 + Level 13.7 Axes
 + Level 12.9 Armour
 + Level 6.4 Dodging
 + Level 2.3 Stealth
 + Level 2.8 Shields
 * Level 8.7 Evocations


You had 11 spell levels left.
You didn't know any spells.
Your spell library was empty.

Dungeon Overview and Level Annotations

Branches:
Dungeon (13/15)            Temple (0/1) D:4            Lair (0/6) D:10
    Orc (0/2) D:11        Gauntlet (visited)
 Vaults: D:13-14

Altars:
Elyvilon
Xom
The Shining One


Innate Abilities, Weirdness & Mutations

You have a pair of horns on your head.
You reflexively headbutt those who attack you in melee.


Message History

You headbutt the 14-headed hydra!
The 14-headed hydra is moderately wounded.
The 14-headed hydra bites you. The 14-headed hydra closely misses you.
The 14-headed hydra bites you. The 14-headed hydra closely misses you.
You block the 14-headed hydra's attack. x2
The 14-headed hydra completely misses you.
The 14-headed hydra bites you! The 14-headed hydra bites you.
The 14-headed hydra closely misses you. The 14-headed hydra bites you.
The 14-headed hydra barely misses you. The 14-headed hydra bites you!
The 14-headed hydra bites you but does no damage.
You are too injured to fight recklessly!
Unknown command.
You are too injured to fight recklessly!
Unknown command.
You are too injured to fight recklessly!
Unknown command.
You are too injured to fight recklessly!
You feel a strong urge to attack something.
The centaur warrior wields a +0 longbow.
The centaur warrior shoots an arrow.
You reflect the arrow off an invisible shield around you!
The arrow hits the centaur warrior!
You are no longer berserk.
You are exhausted.
You feel yourself slow down.
As you read the scroll of teleportation, it crumbles to dust.
You feel strangely unstable.
The centaur warrior shoots an arrow.
The arrow hits you.
A two-headed ogre comes into view.
It is wielding a +0 giant spiked club and a +0 giant club.
The centaur warrior shoots an arrow.
The arrow hits you!
* * * LOW HITPOINT WARNING * * *
The centaur warrior shoots an arrow.
The arrow hits you!
* * * LOW HITPOINT WARNING * * *
A two-headed ogre comes into view.
It is wielding a +0 giant club and a +0 giant spiked club.
The centaur warrior shoots an arrow.
The arrow barely misses you.
The 14-headed hydra bites you but does no damage.
You block the 14-headed hydra's attack. The 14-headed hydra bites you.
* * * LOW HITPOINT WARNING * * *
The 14-headed hydra bites you.
You die...

. ### ... #### ###. ....
..O ##### #####O# ....
<......### ...#
.......D.# ...#
........#@# ...#
.......†#.#####.# ...#
.#####...!......#
...####.########c#######
'####...........cc..#
...........#####.##.#
...........# #..# #
...........#####..#
.####.............#


You could see a 14-headed hydra (very poisoned), a centaur warrior, 2 two-headed
ogres and 2 centaurs.

Vanquished Creatures
  A minotaur (Gauntlet)
  A hydra (D:12)
  A boulder beetle (D:9)
  2 centaur warriors (D:13)
  2 two-headed ogres
  2 death scarabs (Gauntlet)
  A spectral catoblepas (Gauntlet)
  A wizard (D:9)
  An ugly thing (D:13)
  A deep elf pyromancer (D:12)
  A cyclops (D:11)
  A worldbinder (Gauntlet)
  The ghost of Jingleheimer the Summoner, a novice FeSu (D:8)
  An eye of devastation (Gauntlet)
  4 centaur zombies
  An unseen horror (D:11)
  A kobold demonologist (D:11)
  A komodo dragon (D:12)
  A tengu conjurer (D:13)
  4 slime creatures (D:12)
  4 hornets
  A meliai zombie (D:11)
  A spriggan (D:7)
  A spectral black mamba (Gauntlet)
  3 wyverns
  3 wraiths
  Eustachio (D:6)
  2 basilisks
  A golden eye (Gauntlet)
  A steam dragon (D:5)
  13 yaks
  12 vampire mosquitoes
  2 water moccasins
  A sky beast (D:7)
  2 orc warriors (D:8)
  2 black bears
  A hornet zombie (D:8)
  An ice beast (D:3)
  2 ogres
  2 boggarts (Gauntlet)
  5 centaurs
  2 kobold brigands
  A phantom (D:5)
  A bullfrog (D:7)
  4 scorpions
  3 killer bees (D:9)
  9 wights
  4 howler monkeys
  A jelly (D:6)
  2 orc priests (D:9)
  6 hounds
  4 iguanas
  Terence (D:2)
  Jessica (D:3)
  An orc wizard (D:9)
  A hound zombie (D:5)
  A hound skeleton (D:5)
  2 howler monkey zombies
  Robin (D:2)
  7 gnolls
  7 adders
  2 ufetubi
  3 worms
  2 dart slugs
  14 orcs
  5 bats
  3 endoplasms
  4 giant cockroaches
  17 goblins
  5 hobgoblins
  2 jackals (D:2)
  17 kobolds
  4 quokkas
  8 ball pythons
  3 frilled lizards
  8 rats
246 creatures vanquished.

Vanquished Creatures (others)
  2 plants (Gauntlet)
  A withered plant (Gauntlet)
3 creatures vanquished.

Grand Total: 249 creatures vanquished

Notes
Turn   | Place    | Note
-------+----------+-------------------------------------------
     0 | D:1      | cbfl8 the Minotaur Berserker began the quest for the Orb.
     0 | D:1      | Reached XP level 1. HP: 19/19 MP: 0/0
   254 | D:1      | Reached XP level 2. HP: 23/27 MP: 1/1
  1013 | D:2      | Reached skill level 1 in Evocations
  1013 | D:2      | Noticed Terence
  1024 | D:2      | Killed Terence
  1025 | D:2      | Reached skill level 4 in Axes
  1025 | D:2      | Reached XP level 3. HP: 33/33 MP: 2/2
  1029 | D:2      | Reached ** piety under Trog
  1030 | D:2      | Noticed Robin
  1036 | D:2      | Killed Robin
  1037 | D:2      | Reached XP level 4. HP: 14/41 MP: 3/3
  2236 | D:3      | Noticed a scorpion
  2241 | D:3      | Killed a scorpion
  2242 | D:3      | Reached skill level 5 in Axes
  2242 | D:3      | Reached XP level 5. HP: 47/47 MP: 4/4
  2277 | D:3      | Noticed Jessica
  2286 | D:3      | Killed Jessica
  2447 | D:3      | Noticed an ice beast
  2454 | D:3      | Killed an ice beast
  2455 | D:3      | Reached skill level 5 in Fighting
  2455 | D:3      | Reached skill level 1 in Stealth
  2455 | D:3      | Reached XP level 6. HP: 39/56 MP: 5/5
  2953 | D:3      | Reached skill level 6 in Axes
  3463 | D:4      | Found a staircase to the Ecumenical Temple.
  3477 | D:4      | Reached XP level 7. HP: 56/61 MP: 6/6
  3519 | D:4      | Reached *** piety under Trog
  4436 | D:5      | Entered Level 5 of the Dungeon
  4493 | D:5      | Noticed a steam dragon
  4501 | D:5      | Killed a steam dragon
  4502 | D:5      | Reached skill level 7 in Axes
  4558 | D:4      | HP: 1/62 [gnoll/+0 flail (9)]
  4936 | D:5      | Reached XP level 8. HP: 30/70 MP: 7/7
  6086 | D:6      | Noticed Eustachio
  6120 | D:6      | Killed Eustachio
  6470 | D:6      | Found a white marble altar of Elyvilon.
  6559 | D:6      | Reached skill level 5 in Armour
  6715 | D:6      | Reached skill level 8 in Axes
  7496 | D:7      | Reached XP level 9. HP: 79/79 MP: 8/8
  7500 | D:7      | Reached **** piety under Trog
  7938 | D:7      | Reached skill level 5 in Dodging
  7938 | D:7      | Reached skill level 5 in Evocations
  8313 | D:7      | Reached skill level 9 in Axes
  8364 | D:7      | Identified the +5 hand axe of Interdependent Arising
                  | {venom, rF+}
  9208 | D:8      | Reached skill level 10 in Axes
  9208 | D:8      | Reached XP level 10. HP: 88/88 MP: 9/9
  9451 | D:8      | Found a runed translucent door.
  9454 | D:8      | Noticed Jingleheimer's ghost (novice FeSu)
  9907 | D:8      | Killed Jingleheimer's ghost
  9972 | D:9      | Noticed a two-headed ogre
  9995 | D:8      | Killed a two-headed ogre
 10458 | D:9      | Noticed a two-headed ogre
 10461 | D:9      | Noticed a wizard
 10461 | D:9      | Noticed a boulder beetle
 10468 | D:9      | Killed a two-headed ogre
 10469 | D:9      | Reached skill level 11 in Axes
 10475 | D:9      | Killed a wizard
 10476 | D:9      | Reached skill level 10 in Armour
 10962 | D:9      | Killed a boulder beetle
 10963 | D:9      | Reached XP level 11. HP: 95/95 MP: 10/10
 11370 | D:10     | Entered Level 10 of the Dungeon
 11845 | D:10     | Found a staircase to the Lair.
 11976 | D:10     | Paralysed by a hornet for 2 turns
 12695 | D:11     | Paralysed by a hornet for 2 turns
 12707 | D:11     | Paralysed by a hornet for 2 turns
 13027 | D:11     | Reached skill level 12 in Axes
 13665 | D:11     | Reached skill level 1 in Shields
 13862 | D:11     | Found a staircase to the Orcish Mines.
 14035 | D:11     | Found a shimmering altar of Xom.
 14235 | D:12     | Noticed a deep elf pyromancer
 14244 | D:12     | Killed a deep elf pyromancer
 14285 | D:12     | Found a gate leading to a gauntlet.
 14298 | Gauntlet | Entered a Gauntlet
 14298 | Gauntlet | Found a transporter.
 14298 | Gauntlet | Found a transporter.
 14298 | Gauntlet | Found a transporter.
 14304 | Gauntlet | Noticed a soul eater
 14320 | Gauntlet | Found a transporter.
 14321 | Gauntlet | Found a transporter.
 14324 | Gauntlet | Found a transporter.
 14327 | Gauntlet | Noticed a tengu warrior
 14331 | Gauntlet | Found a transporter.
 14333 | Gauntlet | Found a transporter.
 14335 | Gauntlet | Found a transporter.
 14336 | Gauntlet | Found a transporter.
 14341 | Gauntlet | Noticed a dire elephant
 14342 | Gauntlet | Noticed a death scarab
 14343 | Gauntlet | Found a transporter.
 14343 | Gauntlet | Found a transporter.
 14350 | Gauntlet | Noticed a death scarab
 14434 | Gauntlet | Found a runed translucent door.
 14809 | Gauntlet | Identified the ring "Zyimam" {rN+ Str+6}
 14821 | Gauntlet | Killed a death scarab
 14832 | Gauntlet | Killed a death scarab
 14840 | Gauntlet | Reached skill level 13 in Axes
 14847 | Gauntlet | HP: 3/99 [spectral black mamba (7)]
 15162 | Gauntlet | Identified the amulet "Onopteq" {RegenMP Dex+3}
 15162 | Gauntlet | Noticed a minotaur
 15176 | Gauntlet | Killed a minotaur
 15177 | Gauntlet | Reached skill level 10 in Fighting
 15177 | Gauntlet | Reached XP level 12. HP: 91/106 MP: 11/11
 15481 | D:12     | Found a glowing golden altar of the Shining One.
 15654 | D:12     | Noticed a six-headed hydra
 15665 | D:12     | HP: 2/106 [six-headed hydra (7)]
 16846 | D:12     | Killed a seven-headed hydra
 17037 | D:13     | Noticed a centaur warrior
 17040 | D:13     | Noticed a centaur warrior
 17047 | D:13     | Killed a centaur warrior
 17051 | D:13     | Killed a centaur warrior
 17175 | D:13     | Noticed a tengu warrior
 17557 | D:13     | Noticed a six-headed hydra
 17565 | D:13     | Noticed a centaur warrior
 17575 | D:13     | Noticed a two-headed ogre
 17576 | D:13     | Noticed a two-headed ogre
 17576 | D:13     | HP: 3/107 [14-headed hydra (4)]
 17576 | D:13     | Slain by a 14-headed hydra

Illustrated notes

Levels and vault maps discovered:
D:1:      dpeg_arrival_boxorama, layout_basic, moated_statue
D:2:      layout_basic, nicolae_elevator_lobby_asterisk, uniq_terence,
          uniq_robin
D:3:      layout_basic, uniq_jessica
D:4:      minmay_inner_zag, layout_loops_cross, minmay_temple_entry_trees
D:5:      layout_gridville, roderic_nine_men_s_morris, st_stairs_3,
          moated_statue
D:6:      layout_loops_cross, nicolae_elyvilon_peaceful_grove, uniq_eustachio
D:7:      layout_layer_cave, the_hattery
D:8:      layout_loops_ring, gammafunk_ghost_grave
D:9:      layout_roguey, minmay_chambers_of_fives
D:10:     layout_basic, dpeg_oklobed_lair
D:11:     layout_basic, orc_0_dummy, tgw_xom
D:12:     layout_irregular_city, gauntlet_entry_generic, serial_park_tiny_2,
          grunt_ministairs_3, tso_metal_star
D:13:     layout_basic

Skill      XL: |  1  2  3  4  5  6  7  8  9 10 11 |
---------------+----------------------------------+-----
Fighting       | 4 5 6 7 8 10 | 10.5
Evocations     | 1 2 3 4 5 6 8 |  8.7
Axes           | 4 5 6 7 8 10 11 13 | 13.7
Dodging        | 3 4 5 6 |  6.4
Stealth        | 1 2 |  2.3
Armour         | 4 6 8 10 12 | 12.9
Shields        | 2 |  2.8

Action                   |  1- 3 |  4- 6 |  7- 9 | 10-12 || total
-------------------------+-------+-------+-------+-------++-------
Melee: Hand axe          |    41 |   103 |   338 |   409 ||   891
       Headbutt          |     3 |    20 |    75 |   118 ||   216
       Punch             |       |       |     8 |     7 ||    15
Invok: Berserk           |     1 |     2 |     3 |     9 ||    15
       Trog's Hand       |       |       |       |     1 ||     1
Evoke: Wand              |       |       |     2 |    18 ||    20
  Use: Scroll            |       |       |     4 |    11 ||    15
       Potion            |       |       |     1 |     4 ||     5
 Stab: Sleeping          |       |     1 |       |       ||     1
Armor: Animal skin       |     4 |     4 |       |       ||     8
       Scale mail        |       |       |    51 |       ||    51
       Chain mail        |       |       |    75 |   210 ||   285
Dodge: Dodged            |    18 |    58 |   208 |   247 ||   531
Block: Other             |       |       |       |    49 ||    49
       Buckler           |       |       |       |    15 ||    15
       Reflection        |       |       |       |     4 ||     4
